 Dungeon Crawl Stone Soup version 0.31-a0-1074-g0b22e4e0f1 (webtiles) character file.

Game seed: 11620684830598426111

77 Curundu the Trooper (level 4, -1/40 HPs)
             Began as a Draconian Berserker on Nov 28, 2023.
             Was a Believer of Trog.
             Slain by an orc wizard
             ... wielding a +0 dagger
              (3 damage)
             ... on level 3 of the Dungeon.
             The game lasted 00:11:09 (1539 turns).

Curundu the Trooper (Draconian Berserker)           Turns: 1539, Time: 00:11:09

Health: -1/40      AC:  6    Str: 20    XL:     4   Next: 13%
Magic:  4/4        EV: 12    Int: 10    God:    Trog [**....]
Gold:   103        SH:  0    Dex: 12    Spells: 3/3 levels left

rFire   . . .        m - +0 dagger (venom)
rCold   . . .        (no shield)
rNeg    . . .        (body armour unavailable)
rPois   .            (helmet restricted)
rElec   .            g - +0 cloak of Resilience {Int+3}
rCorr   .            (no gloves)
SInv    .            (no boots)
Will    .....        (no amulet)
Stlth   +            (no ring)
HPRegen 0.26/turn    (no ring)
MPRegen 0.09/turn

%: no passive effects
@: no status effects
A: AC +5, unfitting armour, cold-blooded
a: Renounce Religion, Berserk, Trog's Hand


You were on level 3 of the Dungeon.
You worshipped Trog.
Trog was pleased with you.
You visited 1 branch of the dungeon, and saw 3 of its levels.

You collected 146 gold pieces.
You spent 43 gold pieces at shops.

Inventory:

Hand Weapons
 a - a +0 hand axe
 m - a +0 dagger of venom (weapon)
Missiles
 b - 37 stones
 h - 3 javelins
 k - 7 poisoned darts (quivered)
Armour
 g - the +0 cloak of Resilience (worn) {Int+3}
   (You found it on level 2 of the Dungeon)

   Int+3:     It affects your intelligence (+3).
 j - a +0 pair of gloves
Scrolls
 d - a scroll of identify
 f - a scroll of noise {unknown}
 i - 2 scrolls of teleportation {unknown}
 n - a scroll of torment {unknown}
Potions
 c - 2 potions of curing {unknown}
 e - a potion of degeneration {unknown}
 l - a potion of magic {unknown}


   Skills:
 + Level 4.1 Fighting
 + Level 3.8 Axes
 + Level 3.3 Dodging
 + Level 0.4 Stealth


You had 3 spell levels left.
You didn't know any spells.
Your spell library was empty.

Dungeon Overview and Level Annotations

Branches:
Dungeon (3/15)

Altars:
Hepliaklqana

Shops:
D:1 **=((


Innate Abilities, Weirdness & Mutations

Your plain brown scales are hard. (AC +5)
You cannot fit into any form of body armour.
You are cold-blooded and may be slowed by cold attacks.


Message History

The orc wizard closely misses you.
You barely miss the orc. The orc wizard casts a spell at you.
The magic dart hits you. The orc barely misses you.
The orc wizard casts a spell.
The orc wizard flickers and vanishes!
Deactivating autopickup; reactivate with Ctrl-A.
The orc hits you with a +2 heavy hand axe!
* * * LOW HITPOINT WARNING * * *
You hit the orc.
The orc is poisoned.
The orc is heavily wounded.
You kill the orc!
Trog accepts your kill. Something hits you but does no damage.
The orc attacks as it pursues you! The orc misses you.
You hear some strange, mumbled words.
A puff of flame appears from out of thin air!
The puff of flame hits you.
* * * LOW HITPOINT WARNING * * *
Things that are here:
a +0 flail; an orc corpse You hit the orc but do no damage.
The orc looks even sicker.
You hear some strange, mumbled words.
A magic dart appears from out of thin air!
The magic dart hits you.
* * * LOW HITPOINT WARNING * * *
The orc hits you with a +2 heavy hand axe.
* * * LOW HITPOINT WARNING * * *
You hit the orc.
The orc looks as sick as possible!
The orc is lightly wounded.
Something hits you but does no damage.
You completely miss the orc.
The orc is almost dead.
You kill the orc!
Trog accepts your kill. Something hits you but does no damage.
You closely miss something.
Your tail-slap misses something.
Something hits you.
You die...

...### ...#§##
...#§§# .._#§§#
###### ...#R
#.#....## o..#
#....<)####..##...
#.8....)@...(.(...
#...###{........#.
#.### #...........
# #.>.....###.
#.....#..#
#.....##...
............
#........ #..


There were no monsters in sight!

Vanquished Creatures
  A gnoll (D:1)
  An adder (D:2)
  A worm (D:2)
  A dart slug (D:2)
  2 orcs (D:3)
  3 bats (D:1)
  6 endoplasms
  6 giant cockroaches
  2 goblins
  4 hobgoblins
  4 jackals (D:1)
  2 quokkas
  3 ball pythons (D:1)
  2 frilled lizards
  3 kobolds
  6 rats
47 creatures vanquished.

Notes
Turn   | Place    | Note
-------+----------+-------------------------------------------
     0 | D:1      | Curundu the Draconian Berserker began the quest for the
                  | Orb.
     0 | D:1      | Reached XP level 1. HP: 19/19 MP: 1/1
    67 | D:1      | Reached XP level 2. HP: 26/26 MP: 2/2
   135 | D:1      | Found Cosos's Assorted Antiques.
   197 | D:1      | Bought a scroll labelled WEUNE LAIPAMY for 23 gold pieces
   388 | D:1      | Found Lieheq's General Store.
   394 | D:1      | Reached XP level 3. HP: 28/33 MP: 3/3
   490 | D:1      | Found Liamim's Antique Weapon Emporium.
   539 | D:1      | Bought a scroll of identify for 20 gold pieces
   561 | D:1      | Found Faemeim's Antique Weapon Emporium.
   620 | D:1      | Found Odeikhadd's Jewellery Boutique.
   706 | D:2      | Identified the +0 cloak of Resilience {Int+3}
   772 | D:2      | Reached skill level 4 in Fighting
   785 | D:2      | Reached ** piety under Trog
   834 | D:2      | Noticed a glass eye
   836 | D:2      | Found a faded altar of an unknown god.
   841 | D:2      | Noticed an eye of devastation
   841 | D:2      | Noticed a shining eye
   841 | D:2      | Noticed a shining eye
  1171 | D:2      | Reached XP level 4. HP: 40/40 MP: 4/4
  1524 | D:3      | Found a hazy altar of Hepliaklqana.
  1536 | D:3      | HP: 2/40 [orc/+2 heavy hand axe (4)]
  1539 | D:3      | Slain by an orc wizard

Illustrated notes

Levels and vault maps discovered:
D:1:      erik_arrival_blinker_ship, layout_rooms, serial_shops,
          nicolae_shop_advertising_works [nicolae_subvault_shop_adworks], shop,
          shop, shop, shop
D:2:      layout_loops_ring, hellmonk_ecumenical_altar_watching_god
D:3:      layout_rooms, riverfiend_overflow_shadow_ancestor,
          nicolae_overflow_macrodata_refinement, nicolae_twisty_statue_hallways

Skill      XL: |  1  2  3 |
---------------+----------+-----
Dodging        | 3 |  3.3
Fighting       | 4 |  4.1
Axes           | |  3.8
Stealth        | |  0.4

Action                     |  1- 3 |  4- 6 || total
---------------------------+-------+-------++-------
  Melee: Hand axe          |   104 |       ||   104
         Tailslap          |    10 |     1 ||    11
         Dagger            |     3 |    19 ||    22
         Punch             |       |     1 ||     1
  Throw: Dart              |       |     3 ||     3
    Use: Scroll            |     1 |       ||     1
         Potion            |     1 |       ||     1
   Stab: Sleeping          |       |     1 ||     1
 Armour: Skin              |    64 |    17 ||    81
  Dodge: Dodged            |    76 |    11 ||    87

Table legend: (Time is in decaauts)
 A = Elapsed time spent in this place.
 B = Non-inter-level travel time spent in this place.
 C = Inter-level travel time spent in this place.
 D = Time resting spent in this place.
 E = Time spent auto-exploring this place.
 F = Levels seen in this place.
 G = Mean time per level.
                   A        B        C        D        E       F      G
               +--------+--------+--------+--------+--------+-----+--------+
         Total |   1569 |   1557 |     12 |     61 |      0 |   3 |  523.0 |
       Dungeon |   1569 |   1557 |     12 |     61 |      0 |   3 |  523.0 |
               +--------+--------+--------+--------+--------+-----+--------+

Top non-repeatable levels by time:
     D:2: 815 daAuts
     D:1: 729 daAuts
     D:3: 23 daAuts
